 Dungeon Crawl Stone Soup version 0.29.1-12-g30fa7ad0bf (webtiles) character file.

Game seed: 4955691349319474772

2979 JanusIIV the Basher (level 9, -5/59 HPs)
             Began as a Gargoyle Berserker on Dec 28, 2022.
             Was a Priest of Trog.
             Slain by a vampire mosquito (6 damage)
             ... on level 7 of the Dungeon.
             The game lasted 00:14:14 (8016 turns).

JanusIIV the Basher (Gargoyle Berserker)            Turns: 8016, Time: 00:14:16

Health: -5/59      AC: 22    Str: 26    XL:     9   Next: 82%
Magic:  9/9        EV:  9    Int:  7    God:    Trog [***...]
Gold:   309        SH:  0    Dex:  9    Spells: 8/8 levels left

rFire   . . .      SeeInvis .   r - +0 mace (holy)
rCold   . . .      Faith    .   (no shield)
rNeg    + + .      Spirit   .   t - +0 chain mail
rPois   ∞          Reflect  .   (no helmet)
rElec   +          Harm     .   (no cloak)
rCorr   .          Rampage  .   x - +0 pair of gloves
Will    .....                   (no boots)
Stlth   ..........              (no amulet)
HPRegen 0.19/turn               J - +4 ring of protection
MPRegen 0.11/turn               d - ring of positive energy

@: no status effects
A: sickness immunity, AC +6, negative energy resistance 1, electricity
resistance, torment resistance 1, petrification resistance
a: Renounce Religion, Berserk, Trog's Hand


You were on level 7 of the Dungeon.
You worshipped Trog.
Trog was most pleased with you.
You visited 1 branch of the dungeon, and saw 7 of its levels.

You collected 309 gold pieces.

Inventory:

Hand Weapons
 r - a +0 mace of holy wrath (weapon)
Armour
 t - a +0 chain mail (worn)
 x - a +0 pair of gloves (worn)
Jewellery
 d - a ring of positive energy (right hand)
 p - a +4 ring of protection
 J - a +4 ring of protection (left hand)
Wands
 A - a wand of paralysis (8)
 D - a wand of mindburst (6)
 I - a wand of flame (6)
Scrolls
 e - 3 scrolls of enchant weapon {unknown}
 g - 5 scrolls of blinking {unknown}
 h - 2 scrolls of magic mapping {unknown}
 j - 2 scrolls of vulnerability {unknown}
 k - 2 scrolls of teleportation {unknown}
 o - a scroll of noise {unknown}
 q - 4 scrolls of identify {unknown}
 v - 4 scrolls of amnesia {unknown}
 w - 3 scrolls of butterflies {unknown}
 B - a scroll of poison {unknown}
 G - a scroll of immolation {unknown}
 K - a scroll of brand weapon {unknown}
Potions
 f - a potion of cancellation {unknown}
 i - a potion of heal wounds
 l - a potion of might
 m - a potion of brilliance
 n - 2 potions of curing {unknown}
 s - a potion of mutation {unknown}
 u - a potion of lignification {unknown}
 z - a potion of magic {unknown}
 C - 2 potions of ambrosia {unknown}
 E - 2 potions of haste
 F - a potion of berserk rage {unknown}


   Skills:
 - Level 8.0 Fighting
 + Level 9.7 Maces & Flails
 - Level 8.0 Armour
 - Level 1.5 Dodging


You had 8 spell levels left.
You didn't know any spells.
Your spell library was empty.

Dungeon Overview and Level Annotations

Branches:
Dungeon (7/15)             Temple (0/1) D:7

Altars:
Cheibriados
Dithmenos
Makhleb
Okawaru
Sif Muna
Uskayaw
Wu Jian


Innate Abilities, Weirdness & Mutations

You are immune to sickness and miasma.
Your stone body is resilient. (AC +6)
You are immune to poison.
You resist negative energy. (rN+)
You are resistant to electric shocks. (rElec)
You are resistant to unholy torment.
You are immune to petrification.


Message History

You hit the troll but do no damage.
The troll is almost dead.
The troll barely misses you. The troll closely misses you.
The troll claws you but does no damage.
You barely miss the troll.
The troll is almost dead.
The troll bites you but does no damage. The troll claws you.
The troll barely misses you.
You hit the troll. Your punch misses the troll.
The troll is almost dead.
The troll closely misses you. The troll claws you but does no damage.
The troll barely misses you.
You sock the troll!
You kill the troll!
Trog accepts your kill. The vampire mosquito bites you!
You hit the vampire mosquito.
The vampire mosquito convulses.
The vampire mosquito is heavily damaged.
The vampire mosquito bites you.
The vampire mosquito bites you but does no damage.
You barely miss the vampire mosquito.
The vampire mosquito is heavily damaged.
The vampire mosquito bites you but does no damage.
The vampire mosquito bites you.
* * * LOW HITPOINT WARNING * * *
You hit the vampire mosquito.
The vampire mosquito convulses.
The vampire mosquito is severely damaged.
The vampire mosquito bites you.
* * * LOW HITPOINT WARNING * * *
The vampire mosquito completely misses you.
You miss the vampire mosquito.
The vampire mosquito is severely damaged.
The vampire mosquito bites you but does no damage.
You hit the vampire mosquito but do no damage.
Your punch misses the vampire mosquito.
The vampire mosquito is severely damaged.
The vampire mosquito bites you!
* * * LOW HITPOINT WARNING * * *
The vampire mosquito bites you.
You die...

#.# ## #..## #.. .. .#..
##.##### #.# .#.#
..#P...P#.. ..# #.#
##.#.# ..# ##.#
.'.#####.# ...#
#)#.#...# ##.# #..## #y#
#.#######.#.###@#######
##....)))...............
#....#####..............
.....# ######.########
.....# #.# .....# #.#
#...## #.# ##.## #.# #.#
##.#


You could see a vampire mosquito.

Vanquished Creatures
  A kobold demonologist (D:7)
  A troll (D:7)
  A steam dragon (D:6)
  An ice beast (D:7)
  A sky beast (D:7)
  2 black bears (D:7)
  3 centaurs
  2 ogres
  A kobold brigand (D:6)
  2 bullfrogs
  2 scorpions (D:5)
  8 wights
  6 killer bees (D:7)
  A gnoll bouda (D:7)
  3 jellies
  3 hounds (D:6)
  2 orc priests (D:6)
  Natasha (thrice) (D:3)
  An orc wizard (D:7)
  4 gnolls (D:7)
  11 adders
  A shadow imp (D:7)
  A white imp (D:6)
  2 worms
  3 dart slugs
  4 orcs
  6 endoplasms
  2 giant cockroaches (D:1)
  4 goblins
  8 hobgoblins
  2 jackals (D:3)
  4 quokkas
  6 ball pythons
  4 bats
  3 frilled lizards (D:1)
  11 kobolds
  5 rats
125 creatures vanquished.

Vanquished Creatures (others)
  A fungus (D:4)
  12 plants (D:7)
13 creatures vanquished.

Grand Total: 138 creatures vanquished

Notes
Turn   | Place    | Note
-------+----------+-------------------------------------------
     0 | D:1      | JanusIIV the Gargoyle Berserker began the quest for the
                  | Orb.
     0 | D:1      | Reached XP level 1. HP: 14/14 MP: 1/1
   215 | D:1      | Reached XP level 2. HP: 15/19 MP: 2/2
   552 | D:1      | Reached skill level 4 in Maces & Flails
   639 | D:1      | Reached XP level 3. HP: 21/23 MP: 3/3
   988 | D:2      | Reached ** piety under Trog
   991 | D:2      | Found a faded altar of an unknown god.
  1207 | D:2      | Reached XP level 4. HP: 28/28 MP: 4/4
  1281 | D:2      | Reached skill level 5 in Maces & Flails
  2081 | D:3      | Found a burning altar of Makhleb.
  2144 | D:3      | Noticed Natasha
  2151 | D:3      | Killed Natasha
  2152 | D:3      | Reached XP level 5. HP: 27/32 MP: 5/5
  2195 | D:3      | Noticed Natasha
  2205 | D:3      | Killed Natasha
  2738 | D:3      | Noticed Natasha
  2748 | D:3      | Killed Natasha
  2749 | D:3      | Reached skill level 6 in Maces & Flails
  3258 | D:4      | Reached XP level 6. HP: 28/37 MP: 6/6
  3422 | D:4      | Found a shadowy altar of Dithmenos.
  3598 | D:4      | Found an ornate altar of the Wu Jian Council.
  3779 | D:4      | Reached *** piety under Trog
  4041 | D:5      | Entered Level 5 of the Dungeon
  4065 | D:5      | Reached skill level 7 in Maces & Flails
  4644 | D:5      | Reached XP level 7. HP: 41/41 MP: 7/7
  4746 | D:5      | Found a hide-covered altar of Uskayaw.
  4746 | D:5      | Found a snail-covered altar of Cheibriados.
  4767 | D:5      | Reached skill level 8 in Maces & Flails
  5404 | D:6      | Noticed a steam dragon
  5417 | D:6      | Killed a steam dragon
  5418 | D:6      | Reached skill level 9 in Maces & Flails
  5680 | D:6      | Reached XP level 8. HP: 38/48 MP: 8/8
  5909 | D:5      | HP: 1/48 [wight/+2 mace (8)]
  5912 | D:5      | Reached skill level 5 in Fighting
  6620 | D:6      | Found a shimmering blue altar of Sif Muna.
  6654 | D:6      | Found an iron altar of Okawaru.
  6769 | D:6      | Identified the +0 long sword of the Gnashing Puffin {drain,
                  | Fragile rPois rN+++ Stlth+}
  7166 | D:7      | Found a staircase to the Ecumenical Temple.
  7253 | D:7      | Reached XP level 9. HP: 13/59 MP: 9/9
  7262 | D:7      | Reached skill level 5 in Armour
  7456 | D:7      | Noticed a kobold demonologist
  7461 | D:7      | Noticed a sun demon
  7496 | D:7      | Killed a kobold demonologist
  7971 | D:7      | Noticed a troll
  8011 | D:7      | Killed a troll
  8016 | D:7      | HP: 1/59 [vampire mosquito (8)]
  8016 | D:7      | Slain by a vampire mosquito

Illustrated notes

Levels and vault maps discovered:
D:1:      lightli_iron_boxes, layout_basic
D:2:      minmay_spotlight, layout_basic, shapermc_ecumenical_altar_petra
D:3:      layout_basic, lemuel_doored_altar, serial_curves, eino_curves_04,
          eino_curves_03, uniq_natasha
D:4:      layout_basic, nicolae_dithmenos_the_darkroom,
          mainiacjoe_overflow_cross_hatched, nicolae_figureground_pulse
D:5:      layout_gridville, gammafunk_temple_overflow_pools
D:6:      layout_cave_pools, mainiacjoe_overflow_boulevard, pf_just_have_faith,
          lightli_sewer_entry_pipes, kennysheep_generic_room_5
D:7:      layout_loops_ring, minmay_temple_entry_waves, minmay_shattered_shrine

Skill      XL: |  1  2  3  4  5  6  7  8  9 |
---------------+----------------------------+-----
Maces & Flails | 4 5 6 7 9 |  9.7
Fighting       | 4 8 |  8.0
Armour         | 4 8 |  8.0
Dodging        | |  1.5

Action                   |  1- 3 |  4- 6 |  7- 9 || total
-------------------------+-------+-------+-------++-------
Melee: Mace              |    92 |   186 |   349 ||   627
       Punch             |       |     1 |     5 ||     6
Invok: Berserk           |       |     1 |     2 ||     3
       Trog's Hand       |       |       |     2 ||     2
  Use: Potion            |       |       |     3 ||     3
Armor: Ring mail         |    54 |    82 |   190 ||   326
       Chain mail        |       |       |    52 ||    52
Dodge: Dodged            |    51 |   126 |   228 ||   405
